 Dungeon Crawl Stone Soup version 0.26.0-10-g1f06aea511 (webtiles) character file.

Game seed: 4013767629624880264

1424 Borgoz the Slasher (level 8, -1/68 HPs)
             Began as a Ghoul Gladiator on Jan 15, 2021.
             Was an Initiate of Ashenzari.
             Killed from afar by an orc wizard (5 damage)
             ... with a magic dart
             ... on level 6 of the Dungeon.
             The game lasted 00:08:06 (6065 turns).

Borgoz the Slasher (Ghoul Gladiator)                Turns: 6065, Time: 00:08:07

Health: -1/68      AC: 11    Str: 18    XL:     8   Next: 72%
Magic:  7/7        EV: 14    Int:  3    God:    Ashenzari [......]
Gold:   318        SH:  0    Dex: 12    Spells: 7/7 levels left

rFire    . . .     SeeInvis .   a - +0 long sword
rCold    + . .     Faith    .   (no shield)
rNeg     + + +     Spirit   .   b - +0 leather armour
rPois    ∞         Reflect  .   c - +0 helmet
rElec    .         Harm     .   u - +0 cloak
rCorr    .         Rampage  .   m - +2 pair of gloves {archery}
Will     .....                  o - +1 pair of boots
Stlth    +.........             (no amulet)
HPRegen  0.00/turn              (no ring)
MPRegen  0.10/turn              (no ring)

@: no status effects
A: claws 1, cold resistance 1, negative energy resistance 3, inhibited
regeneration, torment resistance, unbreathing
a: Renounce Religion, Curse Item


You were on level 6 of the Dungeon.
You worshipped Ashenzari.
Ashenzari was noncommittal.
You visited 2 branches of the dungeon, and saw 7 of its levels.

You collected 318 gold pieces.

Inventory:

Hand Weapons
 a - a +0 long sword (weapon)
Armour
 b - a +0 leather armour (worn)
 c - a +0 helmet (worn)
 m - a +2 pair of gloves of archery (worn)
 o - a +1 pair of boots (worn)
 u - a +0 cloak (worn)
Scrolls
 d - a scroll of magic mapping
 h - a scroll of enchant armour
 i - 7 scrolls of remove curse
 n - 2 scrolls of blinking
 q - 2 scrolls of enchant weapon
Potions
 f - 2 potions of might
 k - a potion of heal wounds {unknown}
 l - 2 potions of brilliance {unknown}
 p - 3 potions of flight
 s - 2 potions of haste


   Skills:
 + Level 5.0 Fighting
 * Level 6.1 Long Blades
 - Level 1.7 Throwing
 * Level 5.3 Armour
 + Level 4.7 Dodging


You had 7 spell levels left.
You didn't know any spells.
Your spell library was empty.

Dungeon Overview and Level Annotations

Branches:
Dungeon (6/15)             Temple (1/1) D:5

Altars:
Ashenzari
Cheibriados
Dithmenos
Elyvilon
Fedhas
Hepliaklqana
Kikubaaqudgha
Nemelex Xobeh
Okawaru
Qazlal
Sif Muna
Uskayaw
Vehumet
Wu Jian
Xom
Yredelemnul
Zin
The Shining One


Innate Abilities, Weirdness & Mutations

You thrive by killing the living.
You are immune to poison.
You have sharp fingernails.
Your flesh is cold resistant. (rC+)
You are immune to negative energy. (rN+++)
You do not regenerate when monsters are visible.
You are immune to unholy pain and torment.
You can survive without breathing.


Message History

You feel yourself speed up.
You closely miss the orc wizard.
The orc wizard is lightly wounded.
The orc wizard gestures wildly while chanting.
The orc wizard seems to speed up.
Okay, then.
As you read the scroll of teleportation, it crumbles to dust.
You feel strangely unstable.
The orc wizard hits you but does no damage.
The orc wizard casts a spell.
The orc wizard blinks!
Your surroundings seem slightly different.
The orc wizard casts a spell.
The orc wizard blinks!
There is an open door here.
You close the door.
Something unseen opens the door.
The orc wizard casts a spell at you. The magic dart hits you.
You die...

## ###...###..........##.#
#..#E#...#E#####o###'#####
#..###†..###......#....
#.................#......
#......_..........#.......
#...........###.##########
######...######.###.#####
#..#E#...#E#.....#......#
#..###..o###...@.#......#
#......o.#.......#..<...#
#........#..##..##......#
#.......##..##..##..)...########
#...##..##..##..##..##..##......
#...##..........##..##..##......
#............().'.......).......
#...............#...............
#...##..#...(...#...............


You could see an orc wizard (fast).

Vanquished Creatures
  Pikel (D:5)
  An orc warrior (D:6)
  An ice beast (D:6)
  A bullfrog (D:6)
  A water moccasin zombie (D:5)
  A scorpion (D:3)
  A howler monkey (D:5)
  2 orc wizards
  Crazy Yiuf (D:2)
  2 orc priests (D:6)
  3 bullfrog skeletons
  3 iguanas
  2 worker ants
  A worker ant zombie (D:5)
  6 adders
  7 gnolls
  2 oozes (D:4)
  A worm (D:2)
  4 dart slugs
  3 leopard geckos
  10 orcs
  A bat (D:2)
  9 giant cockroaches
  8 goblins
  4 hobgoblins
  4 jackals (D:3)
  4 quokkas
  A ball python skeleton (D:4)
  5 frilled lizards
  2 kobolds
  A leopard gecko skeleton (D:4)
  13 rats
106 creatures vanquished.

Vanquished Creatures (others)
  3 jackals (D:3)
3 creatures vanquished.

Grand Total: 109 creatures vanquished

Notes
Turn   | Place    | Note
-------+----------+-------------------------------------------
     0 | D:1      | Borgoz the Ghoul Gladiator began the quest for the Orb.
     0 | D:1      | Reached XP level 1. HP: 17/17 MP: 0/0
   256 | D:1      | Reached XP level 2. HP: 25/25 MP: 1/1
   396 | D:1      | Reached skill level 3 in Long Blades
   744 | D:1      | Reached skill level 1 in Armour
   744 | D:1      | Reached XP level 3. HP: 29/30 MP: 2/2
  1033 | D:2      | Reached XP level 4. HP: 22/37 MP: 3/3
  1908 | D:2      | Found a runed translucent door.
  1909 | D:2      | Noticed Crazy Yiuf
  1918 | D:2      | Killed Crazy Yiuf
  1919 | D:2      | Reached XP level 5. HP: 23/44 MP: 4/4
  2320 | D:3      | HP: 2/45 [gnoll/+0 spear (5)]
  2591 | D:3      | Found a radiant altar of Vehumet.
  2817 | D:3      | Found a blossoming altar of Fedhas.
  2903 | D:3      | Reached skill level 4 in Long Blades
  2903 | D:3      | Reached XP level 6. HP: 40/51 MP: 5/5
  3974 | D:5      | Entered Level 5 of the Dungeon
  4201 | D:5      | Noticed Pikel
  4218 | D:5      | Killed Pikel
  4219 | D:5      | Reached skill level 5 in Long Blades
  4219 | D:5      | Reached XP level 7. HP: 37/60 MP: 6/6
  4219 | D:5      | Reached XP level 8. HP: 41/67 MP: 7/7
  4645 | D:5      | Found a staircase to the Ecumenical Temple.
  4912 | Temple   | Entered the Ecumenical Temple
  4928 | Temple   | Became a worshipper of Ashenzari the Shackled
  5227 | D:6      | Found a stormy altar of Qazlal.
  5227 | D:6      | Noticed an air elemental
  5234 | D:6      | Noticed a water elemental
  5326 | D:6      | Reached skill level 5 in Armour
  5413 | D:5      | Reached skill level 6 in Long Blades
  5940 | D:6      | Reached skill level 5 in Fighting
  6043 | D:6      | HP: 3/68 [orc wizard/magic dart (4)]
  6065 | D:6      | Killed from afar by an orc wizard

Illustrated notes

Levels and vault maps discovered:
D:1:      dpeg_arrival_chambers_temple_mockup, layout_basic, nrook_loot_triangle
D:2:      layout_loops_corners, minmay_heptomino_h4, uniq_crazy_yiuf_cottage
D:3:      layout_loops_ring, fiery_altar_vehumet, fedhas_altar_1
D:4:      layout_gridville, st_stairs_9, minmay_strange_pillars,
          kennysheep_generic_room_15
D:5:      layout_rooms, minmay_temple_entry_junction_2, uniq_pikel
D:6:      layout_gridville, serial_shops, shop, nicolae_qazlal_style_of_elements
Temple:   nicolae_temple_elliptical

Skill      XL: |  1  2  3  4  5  6  7  8 |
---------------+-------------------------+-----
Long Blades    | 3 4 5 6 |  6.1
Armour         | 1 2 4 5 |  5.3
Dodging        | 3 4 |  4.7
Fighting       | 3 4 5 |  5.0
Throwing       | |  1.7

Action                   |  1- 3 |  4- 6 |  7- 9 || total
-------------------------+-------+-------+-------++-------
Melee: Long sword        |    65 |   212 |   150 ||   427
Throw: Throwing net      |       |     5 |       ||     5
  Use: Scroll            |       |    12 |     1 ||    13
       Potion            |       |     1 |     2 ||     3
 Stab: Held in net/web   |       |     1 |       ||     1
Armor: Leather armour    |    24 |    96 |    77 ||   197
Dodge: Dodged            |    41 |   214 |   146 ||   401
       Rpst.: Long sword |    16 |    69 |    40 ||   125
